AoeStats
← Terminage 2

Arabia

505030210Analyzed
1v1 RM · 25d ago on Sep 7, 2026· 49m 27s· 2 players
Game mode
Random Map
Map size
Tiny (2 player)
Population
200
Speed
Normal
Resources
Standard
Victory
Conquest
Starting age
Dark Age
Ending age
Imperial Age
RankedLock teamsTeams togetherTeam positionsShared explorationLock speedFull tech treeHidden civsTurbo modeCheats
Victory
Defeat
🇪🇸 Britons · Spain
1305
+15
🇨🇳 Wu · China
1283
-15
H2blue
10:16 Feudal Age
8:36 Loom
10:52 Feudal Age
12:09 Man-at-Arms
12:38 Double-Bit Axe
20:02 Horse Collar
22:44 Castle Age
20:38 Gold Mining
21:24 Scale Mail Armor
22:43 Forging
23:29 Squires
24:39 Chain Mail Armor
28:25 Arson
34:17 Fletching
35:53 Bodkin Arrow
36:41 Bow Saw
36:43 Heavy Plow
37:42 Padded Archer Armor
37:53 Elite Skirmisher
39:30 Wheelbarrow
40:41 Gold Shaft Mining
39:57 Stone Mining
41:13 Red Cliffs Tactics
44:08 Imperial Age
42:05 Leather Archer Armor
44:54 Bracer
46:34 Chemistry
46:50 Conscription
47:59 Ballistics
49:34 Plate Mail Armor
Terminage 2
3:55 Loom
10:56 Feudal Age
9:12 Loom
11:42 Feudal Age
13:07 Double-Bit Axe
20:28 Castle Age
19:02 Gold Mining
19:26 Horse Collar
20:07 Fletching
21:14 Bodkin Arrow
21:05 Crossbowman
21:40 Town Watch
22:48 Ballistics
26:07 Bow Saw
28:15 Wheelbarrow
29:08 Clinker Construction
37:18 Imperial Age
37:22 Arbalester
38:14 Bracer
38:41 Conscription
40:35 Chemistry
40:12 Padded Archer Armor
42:31 Leather Archer Armor
42:26 Forging
43:04 Hand Cart
45:15 Ring Archer Armor
45:16 Yeomen
45:24 Elite Longbowman
48:02 Onager
Connection lost

Rejoining the realm…

Still unreachable

The connection could not be restored.

Session expired

The server has moved on; the page needs a fresh start.